 Dungeon Crawl Stone Soup version 0.24-a0-269-g32ec7ca (webtiles) character file.

Game seed: 3073001457117401380

558 stupendous the Shield-Bearer (level 7, -3/54 HPs)
             Began as a Formicid Fighter on Apr 21, 2019.
             Slain by an orc warrior
             ... wielding a +0 trident
              (9 damage)
             ... on level 4 of the Dungeon.
             The game lasted 00:04:23 (2465 turns).

stupendous the Shield-Bearer (Formicid Fighter)     Turns: 2465, Time: 00:04:23

Health: -3/54      AC: 11    Str: 26    XL:     7   Next: 56%
Magic:  7/7        EV:  6    Int:  7    God:
Gold:   196        SH: 11    Dex: 12    Spells: 6/6 levels left

rFire    . . .     SeeInvis +   a - +0 long sword
rCold    . . .     Gourm    .   c - +0 shield
rNeg     + . .     Faith    .   q - +0 plate armour
rPois    .         Spirit   .   (helmet unavailable)
rElec    .         Reflect  .   (no cloak)
rCorr    .         Harm     .   (no gloves)
MR       .....                  (no boots)
Stlth    ..........             o - amulet of regeneration
HPRegen  0.58/turn              l - ring of positive energy
MPRegen  0.10/turn              (no ring)

@: mighty
A: permanent stasis, dig shafts and tunnels, four strong arms, antennae 3
a: Dig, Shaft Self


You were on level 4 of the Dungeon.
You were not hungry.

You visited 1 branch of the dungeon, and saw 4 of its levels.

You collected 196 gold pieces.

Inventory:

Hand Weapons
 a - a +0 long sword (weapon)
Armour
 b - a +0 scale mail
 c - a +0 shield (worn)
 q - a +0 plate armour (worn)
Jewellery
 l - a ring of positive energy (left hand)
 o - an amulet of regeneration (around neck)
Scrolls
 e - 2 scrolls of blinking {unknown}
 i - 4 scrolls of identify {unknown}
 j - a scroll of magic mapping {unknown}
 k - 2 scrolls of fog {unknown}
 n - 4 scrolls of remove curse {unknown}
 p - 2 scrolls of fear {unknown}
 v - 2 scrolls of immolation {unknown}
 x - a scroll of random uselessness {unknown}
Potions
 d - a potion of might
 g - a potion of magic {unknown}
 h - a potion of flight {unknown}
 m - a potion of invisibility {unknown}
 r - a potion of ambrosia {unknown}
 s - 2 potions of haste {unknown}
 t - a potion of resistance {unknown}
 u - 2 potions of lignification {unknown}
 z - a potion of cancellation {unknown}
Comestibles
 f - 4 rations
 w - 10 chunks of flesh


   Skills:
 - Level 4.0 Fighting
 * Level 5.7 Long Blades
 - Level 4.0 Armour
 + Level 6.3 Shields


You had 6 spell levels left.
You didn't know any spells.
Your spell library was empty.

Dungeon Overview and Level Annotations

Branches:
Dungeon (4/15)
 Temple: D:4-7

Altars:


Innate Abilities, Weirdness & Mutations

You cannot be hasted, slowed, berserked, paralysed or teleported.
You can dig through walls and to a lower floor.
Your four strong arms can wield two-handed weapons with a shield.
You have a pair of large antennae on your head. (SInv)


Message History

You closely miss the orc warrior.
The orc warrior is lightly wounded.
The orc warrior barely misses you.
You feel very mighty all of a sudden. The orc warrior closely misses you.
You barely miss the orc warrior.
The orc warrior is lightly wounded.
The orc warrior hits you with a +0 trident!
* * * LOW HITPOINT WARNING * * *
You barely miss the orc warrior.
The orc warrior is lightly wounded.
The orc warrior hits you but does no damage.
You hit the orc warrior.
The orc warrior is moderately wounded.
The orc warrior hits you with a +0 trident!
* * * LOW HITPOINT WARNING * * *
You closely miss the orc warrior.
The orc warrior is moderately wounded.
The orc warrior hits you with a +0 trident!
You die...

#...........#
#..{.o......#
#...........#
##.........>#
#.{........#
##.{.......#
##{{......#
#o##.....##
##@###..##
### #### {


You could see an orc warrior.

Vanquished Creatures
  2 ogres
  A crimson imp (D:3)
  3 orc priests
  Jessica (D:2)
  2 worker ants
  Robin (D:2)
  8 adders
  3 worms
  3 dart slugs
  A leopard gecko (D:2)
  9 orcs
  7 giant cockroaches
  15 goblins
  12 hobgoblins
  2 jackals (D:3)
  2 quokkas (D:3)
  3 bats
  2 frilled lizards
  11 kobolds
  9 rats
97 creatures vanquished.

Notes
Turn   | Place    | Note
-------+----------+-------------------------------------------
     0 | D:1      | stupendous the Formicid Fighter began the quest for the
                  | Orb.
     0 | D:1      | Reached XP level 1. HP: 18/18 MP: 1/1
    66 | D:1      | Reached XP level 2. HP: 24/24 MP: 2/2
   683 | D:2      | Reached XP level 3. HP: 29/29 MP: 3/3
   700 | D:2      | Noticed Jessica
   705 | D:2      | Killed Jessica
   705 | D:2      | Reached skill level 4 in Shields
   720 | D:2      | Reached XP level 4. HP: 23/37 MP: 4/4
  1013 | D:2      | Reached XP level 5. HP: 34/42 MP: 5/5
  1037 | D:2      | Noticed Robin
  1057 | D:2      | Killed Robin
  1604 | D:2      | Reached skill level 5 in Shields
  1660 | D:3      | Reached XP level 6. HP: 48/48 MP: 6/6
  1707 | D:3      | Noticed an ogre
  1712 | D:3      | Killed an ogre
  1910 | D:3      | Reached XP level 7. HP: 38/54 MP: 7/7
  1989 | D:3      | Reached skill level 5 in Long Blades
  2210 | D:3      | Reached skill level 6 in Shields
  2465 | D:4      | Slain by an orc warrior

Levels and vault maps discovered:
D:1:      dpeg_arrival_arbitrary_b, layout_loops_ring, minmay_bisected
D:2:      layout_loops_ring, serial_bayou_lagoon_a, minmay_pentomino_pile,
          uniq_robin, uniq_jessica
D:3:      layout_basic
D:4:      layout_cave_pods, nicolae_ossuary_entry_false_entrances

Skill      XL: |  1  2  3  4  5  6  7 |
---------------+----------------------+-----
Shields        | 4 5 6 |  6.3
Armour         | 4 |  4.0
Fighting       | 4 |  4.0
Long Blades    | 3 4 5 |  5.7

Action                   |  1- 3 |  4- 6 |  7- 9 || total
-------------------------+-------+-------+-------++-------
Melee: Long sword        |    49 |   253 |    89 ||   391
 Abil: Dig               |       |     2 |     2 ||     4
  Use: Potion            |       |       |     1 ||     1
  Eat: Chunk             |       |     4 |     2 ||     6
Armor: Scale mail        |    19 |   117 |     6 ||   142
       Plate armour      |       |       |    20 ||    20
Dodge: Dodged            |    10 |   108 |    16 ||   134
Block: Shield            |    20 |   150 |    45 ||   215
       Rpst.: Long sword |     5 |    32 |     5 ||    42

Table legend:
 A = Non-vault XP
 B = Vault XP
 C = Vault XP percentage of total XP
 D = Non-vault monster count
 E = Vault monster count
 F = Vault count percentage of total count
                 A         B        C        D         E       F
            +---------+---------+-------+---------+---------+-------
      Total |     712 |      86 |  10.8 |      76 |      21 |  21.6
            +---------+---------+-------+---------+---------+-------
        D:1 |      21 |       5 |  19.2 |      12 |       3 |  20.0
        D:2 |     153 |      81 |  34.6 |      25 |      18 |  41.9
        D:3 |     385 |       0 |   0.0 |      37 |       0 |   0.0
        D:4 |     153 |       0 |   0.0 |       2 |       0 |   0.0
            +---------+---------+-------+---------+---------+-------
